 Dungeon Crawl Stone Soup version 0.32-a0-699-g1ee5eff69a (webtiles) character file.

Game seed: 2112935144515902745

241 croobank the Ruffian (level 6, 0/47 HPs)
             Began as a Gnoll Shapeshifter on Mar 13, 2024.
             Slain by a goblin
             ... wielding a +0 club
             ... led by Robin
              (1 damage)
             ... on level 4 of the Dungeon.
             The game lasted 00:05:49 (3067 turns).

croobank the Ruffian (Gnoll Shapeshifter)           Turns: 3067, Time: 00:05:50

Health: 0/47       AC:  2    Str: 19    XL:     6   Next: 8%
Magic:  17/17      EV: 12    Int: 12    God:
Gold:   165        SH:  0    Dex: 11    Spells: 5/8 levels left

rFire   + . .        i - +1 spear (distort)
rCold   . . .        (no shield)
rNeg    . . .        a - +0 animal skin
rPois   .            (helmet currently unavailable)
rElec   .            (cloak currently unavailable)
rCorr   .            (gloves currently unavailable)
SInv    .            (boots currently unavailable)
Will    .....        (no amulet)
Stlth   ++           l - ring "Tynomup" {rF+ MP+9 Str+6}
HPRegen 0.27/turn    (no ring)
MPRegen 0.15/turn

%: no passive effects
@: beast-form
A: beast (slay +3), fangs 1, strong nose, distributed training
a: Begin Untransformation


You were on level 4 of the Dungeon.
You were a hulking beast.
You visited 1 branch of the dungeon, and saw 4 of its levels.

You collected 165 gold pieces.

Inventory:

Hand Weapons
 b - a +0 sling
 g - a +0 dagger
 h - a +0 short sword
 i - a +1 spear of distortion (weapon)
 k - the +8 Vampire's Tooth {megavamp}
   (You acquired it on level 4 of the Dungeon)
 t - a +0 long sword
Armour
 a - a +0 animal skin (worn)
 u - a +0 ring mail
Jewellery
 j - a ring of resist corrosion
 l - the ring "Tynomup" (left hand) {rF+ MP+9 Str+6}
   (You found it on level 2 of the Dungeon)

   [ring of strength]

   Str+6:     It affects your strength (+6).
   rF+:       It protects you from fire.
   MP+9:      It affects your magic capacity (+9).
Talismans
 c - a beast talisman (active)
 d - a flux talisman
Wands
 p - a wand of flame (21)
Scrolls
 m - a scroll of acquirement
 o - a scroll of enchant weapon {unknown}
 q - 2 scrolls of enchant armour {unknown}
Potions
 e - a potion of mutation
 f - 3 potions of lignification
 n - a potion of cancellation {unknown}
 r - a potion of might {unknown}
 s - a potion of ambrosia {unknown}


   Skills:
 + Level 3.2 Fighting
 + Level 1.8 Short Blades
 + Level 1.8 Long Blades
 + Level 1.8 Axes
 + Level 1.8 Maces & Flails
 + Level 1.8 Polearms
 + Level 1.8 Staves
 + Level 1.8 Ranged Weapons
 + Level 1.8 Throwing
 + Level 1.8 Armour
 + Level 4.9 Dodging
 + Level 1.8 Stealth
 + Level 1.8 Shields
 + Level 6.8 Unarmed Combat
 + Level 1.8 Spellcasting
 + Level 1.4 Conjurations
 + Level 1.4 Hexes
 + Level 1.4 Summonings
 + Level 1.4 Necromancy
 + Level 1.4 Translocations
 + Level 1.4 Fire Magic
 + Level 1.4 Ice Magic
 + Level 1.4 Air Magic
 + Level 1.4 Earth Magic
 + Level 1.4 Alchemy
 + Level 2.0 Invocations
 + Level 1.8 Evocations
 + Level 6.7 Shapeshifting


You had 5 spell levels left.
You knew the following spells:

 Your Spells              Type           Power      Damage    Failure   Level
a - Mephitic Cloud        Conj/Alch/Air  4%         N/A       41%         3

Your spell library contained the following spells:

 Spells                   Type           Power      Damage    Failure   Level
 Mercury Vapours          Alch/Air       8%         N/A       22%         2
 Freezing Cloud           Conj/Ice/Air   2%         6-21      99%         5


Dungeon Overview and Level Annotations

Branches:
Dungeon (4/15)
 Temple: D:4-7

Altars:
Dithmenos
Hepliaklqana

Annotations:
D:4 Robin


Innate Abilities, Weirdness & Mutations

You are a hulking beast.
Your limbs bulge with bestial killing power. (Slay +3)
You have very sharp teeth.
Your uncanny sense of smell can sniff out nearby items.
Your experience applies equally to all skills.


Message History

You hit the goblin.
You kill the goblin!
The goblin hits you with a +0 dagger. Robin throws the goblin at you!
The goblin hits you but does no damage. The goblin closely misses you.
You are too injured to fight recklessly!
You are too injured to fight recklessly!
You are too injured to fight recklessly!
You closely miss the hobgoblin. The goblin closely misses you.
The hobgoblin misses you. The goblin hits you with a +0 club.
The goblin hits you with a +0 dagger.
You hit the hobgoblin.
You kill the hobgoblin!
Robin closely misses you. The goblin hits you with a +0 dagger.
* * * LOW HITPOINT WARNING * * *
The goblin hits you with a +0 club.
* * * LOW HITPOINT WARNING * * *
The goblin unwields a +0 club.
The goblin wields a +0 sling.
The goblin shoots a sling bullet.
The sling bullet closely misses you.
The sling bullet barely misses the goblin.
The goblin barely misses you.
Reach: i) +1 spear (distort)
Press: ? - help, Dir - move target, f - Robin
Aim: Robin, wielding a +0 spear, wearing a +0 animal skin and wearing a +1 helmet (about 29% to evade your +1 spear of distortion)
You reach to attack!
You barely miss Robin.
The goblin no longer looks unusually strong.
The goblin hits you with a +0 club.
* * * LOW HITPOINT WARNING * * *
The goblin hits you with a +0 dagger.
* * * LOW HITPOINT WARNING * * *
The goblin hits you with a +0 dagger.
* * * LOW HITPOINT WARNING * * *
The goblin shoots a sling bullet.
The sling bullet hits you.
* * * LOW HITPOINT WARNING * * *
Reach: i) +1 spear (distort)
Press: ? - help, Dir - move target, f/p - Robin
Aim: Robin, wielding a +0 spear, wearing a +0 animal skin and wearing a +1 helmet (about 29% to evade your +1 spear of distortion)
You reach to attack!
You hit Robin.
Robin is lightly wounded.
Robin blinks!
The goblin barely misses you. The goblin hits you with a +0 club.
You die...

..#### . .....## ..
......###.## .
........#..## ..
............. ...
..........# ..#
####......## ..#
#§§##......## ###..#
§§§R#.......####hg.#
######.......gg)gg##
.._..#........§####
...............##
.........g..##..#
.._..#......##gg#
######......###...
#§§W§#.....##


ggg.. ##§§##.....# g.g.g.. You could see Robin and 5 goblins.

Vanquished Creatures
  An ice beast (D:3)
  6 adders
  A dart slug (D:1)
  A ribbon worm (D:2)
  An orc (D:4)
  9 ball pythons
  6 endoplasms
  3 giant cockroaches
  11 goblins
  13 hobgoblins
  11 kobolds
  5 quokkas
  3 bats
  6 frilled lizards
  8 rats
85 creatures vanquished.

Notes
Turn   | Place    | Note
-------+----------+-------------------------------------------
     0 | D:1      | croobank the Gnoll Shapeshifter began the quest for the
                  | Orb.
     0 | D:1      | Reached XP level 1. HP: 17/17 MP: 1/1
   293 | D:1      | Reached XP level 2. HP: 23/23 MP: 2/2
   672 | D:1      | Found a faded altar of an unknown god.
   739 | D:1      | Reached XP level 3. HP: 20/28 MP: 3/3
  1247 | D:2      | Identified the ring "Tynomup" {rF+ MP+9 Str+6}
  1275 | D:2      | Reached skill level 1 in Invocations
  1373 | D:2      | Reached skill level 1 in Short Blades
  1373 | D:2      | Reached skill level 1 in Long Blades
  1373 | D:2      | Reached skill level 1 in Axes
  1373 | D:2      | Reached skill level 1 in Maces & Flails
  1373 | D:2      | Reached skill level 1 in Polearms
  1373 | D:2      | Reached skill level 1 in Staves
  1373 | D:2      | Reached skill level 1 in Ranged Weapons
  1373 | D:2      | Reached skill level 1 in Throwing
  1373 | D:2      | Reached skill level 1 in Armour
  1373 | D:2      | Reached skill level 1 in Stealth
  1373 | D:2      | Reached skill level 1 in Shields
  1373 | D:2      | Reached skill level 1 in Spellcasting
  1373 | D:2      | Reached skill level 1 in Evocations
  1383 | D:2      | Learned a level 3 spell: Mephitic Cloud
  1447 | D:2      | Reached XP level 4. HP: 34/34 MP: 5/5
  2052 | D:2      | Reached skill level 1 in Conjurations
  2052 | D:2      | Reached skill level 1 in Hexes
  2052 | D:2      | Reached skill level 1 in Summonings
  2052 | D:2      | Reached skill level 1 in Necromancy
  2052 | D:2      | Reached skill level 1 in Translocations
  2052 | D:2      | Reached skill level 1 in Fire Magic
  2052 | D:2      | Reached skill level 1 in Ice Magic
  2052 | D:2      | Reached skill level 1 in Air Magic
  2052 | D:2      | Reached skill level 1 in Earth Magic
  2052 | D:2      | Reached skill level 1 in Alchemy
  2551 | D:3      | Reached XP level 5. HP: 40/40 MP: 7/7
  2784 | D:3      | Noticed an ice beast
  2791 | D:3      | Killed an ice beast
  2912 | D:4      | Reached XP level 6. HP: 39/47 MP: 8/8
  2913 | D:4      | Identified 2 scrolls of acquirement
  2913 | D:4      | Acquired the +8 Vampire's Tooth {megavamp}
  2913 | D:4      | Found the +8 Vampire's Tooth {megavamp}
  3029 | D:4      | Noticed a shadow
  3030 | D:4      | Found a shadowy altar of Dithmenos.
  3031 | D:4      | Found a hazy altar of Hepliaklqana.
  3045 | D:4      | Noticed Robin
  3066 | D:4      | HP: 2/47 [goblin/+0 dagger[Robin] (1)]
  3067 | D:4      | Slain by a goblin

Illustrated notes

Levels and vault maps discovered:
D:1:      dpeg_arrival_simpleton_c, layout_basic,
          nicolae_ecumenical_snake_handling
D:2:      minmay_skewed_foursquare, layout_basic
D:3:      layout_basic
D:4:      layout_cave_pods, riverfiend_overflow_shadow_ancestor,
          gammafunk_temple_overflow_claw, cheibrodos_sewer_entry_bend,
          grunt_decor_junction, uniq_robin

Skill      XL: |  1  2  3  4  5 |
---------------+----------------+-----
Invocations    | 1 2 |  2.0
Short Blades   | 1 |  1.8
Long Blades    | 1 |  1.8
Axes           | 1 |  1.8
Maces & Flails | 1 |  1.8
Polearms       | 1 |  1.8
Staves         | 1 |  1.8
Ranged Weapons | 1 |  1.8
Throwing       | 1 |  1.8
Armour         | 1 |  1.8
Stealth        | 1 |  1.8
Shields        | 1 |  1.8
Spellcasting   | 1 |  1.8
Evocations     | 1 |  1.8
Conjurations   | 1 |  1.4
Hexes          | 1 |  1.4
Summonings     | 1 |  1.4
Necromancy     | 1 |  1.4
Translocations | 1 |  1.4
Fire Magic     | 1 |  1.4
Ice Magic      | 1 |  1.4
Air Magic      | 1 |  1.4
Earth Magic    | 1 |  1.4
Alchemy        | 1 |  1.4
Fighting       | 3 |  3.2
Dodging        | |  4.9
Unarmed Combat | |  6.8
Shapeshifting  | |  6.7

Action                     |  1- 3 |  4- 6 || total
---------------------------+-------+-------++-------
  Melee: Unarmed           |    48 |       ||    48
         Bite              |     6 |     5 ||    11
         Punch             |     2 |       ||     2
         Spear             |    26 |    90 ||   116
    Use: Scroll            |       |     2 ||     2
   Stab: Sleeping          |     1 |     3 ||     4
 Armour: Animal skin       |    26 |    41 ||    67
  Dodge: Dodged            |    44 |    45 ||    89

Table legend: (Time is in decaauts)
 A = Elapsed time spent in this place.
 B = Non-inter-level travel time spent in this place.
 C = Inter-level travel time spent in this place.
 D = Time resting spent in this place.
 E = Time spent auto-exploring this place.
 F = Levels seen in this place.
 G = Mean time per level.
                   A        B        C        D        E       F      G
               +--------+--------+--------+--------+--------+-----+--------+
         Total |   3063 |   2964 |     99 |    470 |   2009 |   4 |  765.8 |
       Dungeon |   3063 |   2964 |     99 |    470 |   2009 |   4 |  765.8 |
               +--------+--------+--------+--------+--------+-----+--------+

Top non-repeatable levels by time:
     D:2: 1233 daAuts
     D:1: 937 daAuts
     D:3: 725 daAuts
     D:4: 166 daAuts
